 Dungeon Crawl Stone Soup version 0.28-a0-724-g66f9036eb4 (webtiles) character file.

Game seed: 9435921079135809934

47 lawman0 the Grasshopper (level 3, -1/28 HPs)
             Began as a Barachi Warper on Oct 26, 2021.
             Succumbed to an adder's poison
             ... on level 2 of the Dungeon.
             The game lasted 00:01:44 (2150 turns).

lawman0 the Grasshopper (Barachi Warper)            Turns: 2150, Time: 00:01:45

Health: -1/28      AC:  3    Str: 12    XL:     3   Next: 70%
Magic:  5/6        EV: 11    Int: 14    God:
Gold:   50         SH:  0    Dex: 11    Spells: 4/6 levels left

rFire   . . .      SeeInvis .   a - +0 falchion
rCold   . . .      Faith    .   (no shield)
rNeg    . . .      Spirit   .   b - +0 leather armour
rPois   .          Reflect  .   (no helmet)
rElec   .          Harm     .   (no cloak)
rCorr   .          Rampage  .   (no gloves)
Will    .....                   (no boots)
Stlth   +.........              (no amulet)
HPRegen 0.09/turn               (no ring)
MPRegen 0.10/turn               (no ring)

@: lethally poisoned (-1 -> -4), unable to hop, very slightly contaminated,
invisible (expiring), slow
A: amphibious, slowness 1, strong legs 1, +LOS
a: Hop


You were on level 2 of the Dungeon.
You visited 1 branch of the dungeon, and saw 2 of its levels.

You collected 50 gold pieces.

Inventory:

Hand Weapons
 a - a +0 falchion (weapon)
Missiles
 d - 5 boomerangs of dispersal (quivered)
Armour
 b - a +0 leather armour (worn)
Scrolls
 c - a scroll of blinking
 f - a scroll of vulnerability
 i - a scroll of brand weapon {unknown}
 j - a scroll of immolation {unknown}
 l - a scroll of identify {unknown}


   Skills:
 + Level 2.5 Fighting
 * Level 3.5 Long Blades
 + Level 1.0 Throwing
 + Level 1.5 Armour
 + Level 2.4 Dodging
 + Level 0.3 Stealth
 + Level 2.1 Spellcasting
 * Level 3.9 Translocations


You had 4 spell levels left.
You knew the following spells:

 Your Spells              Type           Power      Damage    Failure   Level
a - Blink                 Tloc           24%        N/A       9%          2

Your spell library contained the following spells:

 Spells                   Type           Power      Damage    Failure   Level
 Gell's Gravitas          Tloc           6%         N/A       17%         3
 Lesser Beckoning         Tloc           12%        N/A       17%         3
 Teleport Other           Tloc           12%        N/A       17%         3
 Manifold Assault         Tloc           12%        N/A       85%         5


Dungeon Overview and Level Annotations

Branches:
Dungeon (2/15)

Altars:


Innate Abilities, Weirdness & Mutations

You are amphibious.
You cover ground slowly.
You can hop short distances.
You have an extended range of vision and can be seen from far away.


Message History

The hobgoblin is severely wounded.
The hobgoblin barely misses you.
You closely miss the hobgoblin.
The hobgoblin is severely wounded.
A rat comes into view.
The hobgoblin barely misses you.
You hit the hobgoblin.
You kill the hobgoblin!
The adder barely misses you.
Unknown command.
You catch the helpless adder completely off-guard!
You hit the adder.
The adder is heavily wounded.
You completely miss the adder.
The adder is moderately wounded.
The adder bites you.
* * * LOW HITPOINT WARNING * * *
The adder bites you.
* * * LOW HITPOINT WARNING * * *
You are lethally poisoned!
The adder poisons you!
You closely miss the adder.
The adder is moderately wounded.
* * * LOW HITPOINT WARNING * * *
You feel sick. The adder barely misses you.
You hit the adder.
The adder is severely wounded.
* * * LOW HITPOINT WARNING * * *
You feel sick. The adder barely misses you.
Unknown command.
Unknown command.
* * * LOW HITPOINT WARNING * * *
You feel sick. The adder misses you.
Unknown command.
Unknown command.
You aren't carrying any potions.
You closely miss the adder.
The adder is severely wounded.
You flicker for a moment.
You die...

### ...# ....#
########.....##
#..rrS@.>.r....
#######.#######....##
#..........# ###
#........K.#
#.......Sg.#
#........r.#
#..........# ##########
#..........+ .........#
♣♣.......r.##########.#


You could see an adder and 3 rats.

Vanquished Creatures
  3 bats (D:1)
  4 endoplasms
  2 giant cockroaches (D:1)
  4 goblins (D:1)
  7 hobgoblins
  A quokka (D:1)
  3 ball pythons (D:1)
  2 frilled lizards (D:1)
  5 kobolds
  2 rats (D:1)
33 creatures vanquished.

Vanquished Creatures (collateral kills)
  An adder (D:2)
  A bat (D:2)
2 creatures vanquished.

Vanquished Creatures (others)
  3 fungi (D:1)
  18 plants
21 creatures vanquished.

Grand Total: 56 creatures vanquished

Notes
Turn   | Place    | Note
-------+----------+-------------------------------------------
     0 | D:1      | lawman0 the Barachi Warper began the quest for the Orb.
     0 | D:1      | Reached XP level 1. HP: 17/17 MP: 3/3
   658 | D:1      | Reached XP level 2. HP: 22/23 MP: 5/5
   666 | D:1      | Learned a level 2 spell: Blink
   715 | D:1      | Found a faded altar of an unknown god.
  1390 | D:1      | Reached XP level 3. HP: 28/28 MP: 6/6
  2149 | D:2      | HP: 1/28 [poisoned by an adder]
  2150 | D:2      | Succumbed to an adder's poison

Illustrated notes

Levels and vault maps discovered:
D:1:      nicolae_arrival_washed_ashore, layout_loops_corners,
          shapermc_ecumenical_altar_gd, roderic_serpentine_path
D:2:      layout_basic, serial_bayou, serial_bayou_shore_a,
          serial_bayou_lagoon_a, serial_bayou_ford_a, serial_bayou_pond_c,
          chequers_garden, uniq_jessica

Skill      XL: |  1  2 |
---------------+-------+-----
Long Blades    | 3 |  3.5
Fighting       | |  2.5
Throwing       | |  1.0
Armour         | |  1.5
Dodging        | |  2.4
Stealth        | |  0.3
Spellcasting   | |  2.1
Translocations | |  3.9

Action                   || total
-------------------------++-------
Melee: Falchion          ||   120
 Cast: Blink             ||     2
 Abil: Hop               ||     1
  Use: Scroll            ||     3
       Potion            ||     2
 Stab: Invisible         ||     1
       Sleeping          ||     1
Armor: Leather armour    ||    28
Dodge: Dodged            ||    94

Table legend: (Time is in decaauts)
 A = Elapsed time spent in this place.
 B = Non-inter-level travel time spent in this place.
 C = Inter-level travel time spent in this place.
 D = Time resting spent in this place.
 E = Time spent auto-exploring this place.
 F = Levels seen in this place.
 G = Mean time per level.
                   A        B        C        D        E       F      G
               +--------+--------+--------+--------+--------+-----+--------+
         Total |   2340 |   2314 |     26 |    382 |   1655 |   2 | 1170.0 |
       Dungeon |   2340 |   2314 |     26 |    382 |   1655 |   2 | 1170.0 |
               +--------+--------+--------+--------+--------+-----+--------+

Top non-repeatable levels by time:
     D:1: 2220 daAuts
     D:2: 120 daAuts
